 Dungeon Crawl Stone Soup version 0.28-a0-1565-g95a8017c83 (webtiles) character file.

Game seed: 14518173848527019548

127287 kae the Brawler (level 16, -9/174 (183) HPs)
             Began as a Pale Draconian Transmuter on Jan 19, 2022.
             Was a High Priest of Ru.
             Shot with a bolt by a naga sharpshooter (15 damage)
             ... on level 2 of the Snake Pit.
             The game lasted 00:34:06 (35264 turns).

kae the Brawler (Pale Draconian Transmuter)        Turns: 35264, Time: 00:34:07

HP:   -9/174 (183)  AC: 32    Str: 15    XL:     16   Next: 45%
MP:   14/22         EV: 17    Int: 21    God:    Ru [*****.]
Gold: 2369          SH:  0    Dex: 15    Spells: 14/27 levels left

rFire   + . .      SeeInvis +     - Unarmed
rCold   + . .      Faith    .   (no shield)
rNeg    + + .      Spirit   .   (armour unavailable)
rPois   ∞          Reflect  +   (helmet restricted)
rElec   +          Harm     .   d - +1 cloak
rCorr   .          Rampage  .   (gloves currently unavailable)
Will    +....                   (boots currently unavailable)
Stlth   +.........              w - amulet of Sakkoqus {Reflect rC+ rN+ Int+2 SH+5}
HPRegen 0.39/turn               I - ring "Udadumon" {AC+4 Dex+3}
MPRegen 0.18/turn               o - ring of see invisible

@: confused, statue-form, ambrosia-drunk, very slightly contaminated, lightly
drained, unable to read, very slow
A: slow and powerful, torment resistance 1, boosted hp, (breathe steam), AC +9,
unfitting armour, low mp 1, cold-blooded, inability to read while threatened,
inability to use devices, hated by all, no fire magic, no hexes magic, no
summoning magic, steam resistance, stinger 1, fire resistance 1
a: End Transformation, Renounce Religion, Draw Out Power, Power Leap, Apocalypse


You were on level 2 of the Snake Pit.
You worshipped Ru.
Ru was extremely pleased with you.
You were a living statue of rough stone.
You visited 5 branches of the dungeon, and saw 27 of its levels.
You visited the Abyss 1 time.

You collected 2411 gold pieces.
You spent 42 gold pieces at shops.

Inventory:

Missiles
 v - 2 throwing nets
Armour
 d - a +1 cloak (worn)
 K - a +0 pair of gloves (melded)
Jewellery
 a - a +4 ring of evasion
 f - a ring of ice
 h - a ring of positive energy
 i - a ring of protection from cold
 k - a ring of fire
 o - a ring of see invisible (right fist)
 s - a +6 ring of intelligence
 w - the amulet of Sakkoqus (around neck) {Reflect rC+ rN+ Int+2 SH+5}
   (You found it on level 1 of the Lair of Beasts)

   [amulet of reflection]

   It reflects blocked missile attacks.
   Int:       It affects your intelligence (+2).
   rC:        It protects you from cold.
   rN:        It protects you from negative energy.
   SH:        It affects your SH (+5).
 y - a ring of flight
 B - a ring of ice
 C - a ring of protection from cold
 G - a ring of positive energy
 H - the ring "Burghuimu" {rF+ Will- AC+4 Dex+3 Slay+2}
   (You found it on level 12 of the Dungeon)

   [ring of protection]

   AC:        It affects your AC (+4).
   Dex:       It affects your dexterity (+3).
   Slay:      It affects your accuracy & damage with ranged weapons and melee
   (+2).
   rF:        It protects you from fire.
   Will:      It decreases your willpower.
 I - the ring "Udadumon" (left fist) {AC+4 Dex+3}
   (You found it on level 12 of the Dungeon)

   [ring of protection]

   AC:        It affects your AC (+4).
   Dex:       It affects your dexterity (+3).
 J - an amulet of the acrobat
Scrolls
 b - 7 scrolls of fear
 l - 3 scrolls of holy word
 p - 12 scrolls of teleportation
 q - 5 scrolls of amnesia
 r - 3 scrolls of enchant weapon
 A - 2 scrolls of brand weapon
 D - 2 scrolls of identify
 E - 2 scrolls of blinking
 F - 4 scrolls of magic mapping
Potions
 c - 6 potions of attraction
 e - 10 potions of curing
 g - 3 potions of magic
 j - 3 potions of lignification
 m - 5 potions of flight
 n - 4 potions of berserk rage
 t - 5 potions of haste
 u - 2 potions of cancellation
 x - a potion of resistance
 z - 2 potions of ambrosia


   Skills:
 + Level 12.9 Fighting
 + Level 11.0 Dodging
 * Level 16.6 Unarmed Combat
 - Level 6.1 Spellcasting
 + Level 13.2 Transmutations
 - Level 5.0 Ice Magic
 * Level 12.5 Earth Magic
 - Level 2.0 Poison Magic


You had 14 spell levels left.
You knew the following spells:

 Your Spells              Type           Power      Damage    Failure   Level
b - Spider Form           Tmut/Pois      38%        N/A       1%          3
c - Ice Form              Ice/Tmut       44%        N/A       2%          4
d - Statue Form           Tmut/Erth      38%        N/A       8%          6

Your spell library contained the following spells:

 Spells                   Type           Power      Damage    Failure   Level
 Beastly Appendage        Tmut           100%       N/A       1%          1
 Wereblood                Tmut           58%        N/A       1%          2
 Lee's Rapid Deconstruct  Erth           28%        3d16*     1%          5
 Pain                     Necr           24%        1d5       10%         1
 Static Discharge         Conj/Air       6%         N/A       14%         2
 Borgnjor's Vile Clutch   Necr/Erth      16%        N/A       21%         5
 Gell's Gravitas          Tloc           6%         N/A       28%         3
 Lesser Beckoning         Tloc           6%         N/A       28%         3
 Teleport Other           Tloc           6%         N/A       28%         3
 Vampiric Draining        Necr           6%         2d6       28%         3
 Passage of Golubria      Tloc           6%         N/A       67%         4
 Iron Shot                Conj/Erth      16%        9d4       75%         6
 Iskenderun's Battlesphe  Conj           6%         2d6       95%         5
 Lightning Bolt           Conj/Air       3%         1d14      95%         5
 Conjure Ball Lightning   Conj/Air       3%         3x3d6     100%        6
 Orb of Destruction       Conj           3%         9d5       100%        7
 Disjunction              Tloc           3%         N/A       100%        8
 Maxwell's Capacitive Co  Air            3%         ∞         100%        8
 Leda's Liquefaction      Hex/Erth       Unusable   N/A       N/A         4
 Animate Skeleton         Necr           Unusable   N/A       N/A         1
 Slow                     Hex            Unusable   N/A       N/A         1
 Yara's Violent Unravell  Hex/Tmut       Unusable   3d8       N/A         5
 Call Canine Familiar     Summ           Unusable   N/A       N/A         3
 Confusing Touch          Hex            Unusable   N/A       N/A         3
 Portal Projectile        Hex/Tloc       Unusable   N/A       N/A         3
 Summon Guardian Golem    Hex/Summ       Unusable   N/A       N/A         3
 Tukima's Dance           Hex            Unusable   N/A       N/A         3
 Animate Dead             Necr           Unusable   N/A       N/A         4
 Death Channel            Necr           Unusable   N/A       N/A         6
 Enfeeble                 Hex            Unusable   N/A       N/A         7
 Spellforged Servitor     Conj/Summ      Unusable   N/A       N/A         7
 Discord                  Hex            Unusable   N/A       N/A         8

Dungeon Overview and Level Annotations

Branches:
Dungeon (15/15)            Temple (1/1) D:4            Lair (6/6) D:9
 Shoals (0/4) Lair:2        Snake (3/4) Lair:2        Slime (0/5) Lair:5
    Orc (2/2) D:11            Elf (0/3) Orc:2        Vaults (0/5) D:14
 Depths (0/4) D:15

Altars:
Ashenzari
Cheibriados
Dithmenos
Elyvilon
Fedhas
Gozag
Hepliaklqana
Kikubaaqudgha
Makhleb
Nemelex Xobeh
Okawaru
Qazlal
Ru
Sif Muna
Trog
Uskayaw
Vehumet
Wu Jian
Xom
Yredelemnul
Zin
The Shining One

Shops:
D:6 *   D:9 (   D:15 :   Orc:1 [   Orc:2 [(**

Annotations:
D:10 Urug
Lair:2 2 transporters, incide's ghost, journeyman GnIE


Innate Abilities, Weirdness & Mutations

You are a living statue of rough stone.
Your actions are slow, but your melee attacks are powerful.
You are resistant to unholy torment.
Your maximum health is greatly increased.
You are immune to poison.
Your equipment is partially melded.
((You can breathe blasts of scalding, opaque steam.))
((Your pale cyan-grey scales are hard. (AC +9)))
You cannot fit into any form of body armour.
Your magical capacity is low. (-10% MP)
You are cold-blooded and may be slowed by cold attacks.
You sometimes lose the ability to read scrolls when taking damage.
You cannot study or use magical devices.
You are hated by all.
You cannot study or cast Fire magic.
You cannot study or cast Hexes magic.
You cannot study or cast Summoning magic.
You are immune to the effects of steam.
Your tail ends in a venomous barb.
Your flesh is heat resistant. (rF+)


Message History

You miscast Statue Form.
You are very lightly contaminated with residual magic.
You feel very strange.
The naga is stunned by your conviction and fails to attack.
The naga sharpshooter gestures wildly while chanting.
The naga sharpshooter magically shoots a bolt.
The bolt closely misses you.
You redirect the naga's attack!
The naga hits the naga with a +0 dire flail!
The naga dies!
Casting: Statue Form (dangerous; 8% risk of failure)
Confirm with . or Enter, or press ? or * to list all spells.
You turn into a living statue of rough stone.
Your +0 pair of gloves melds into your body.
The naga sharpshooter gestures wildly while chanting.
The naga sharpshooter magically shoots a bolt.
The bolt hits you.
* * * LOW HITPOINT WARNING * * *
You focus your inner power and blind the naga sharpshooter in retribution!
The naga sharpshooter unwields a +0 glaive.
The naga sharpshooter wields a +0 shortbow.
The naga sharpshooter shoots an arrow.
The arrow hits you but does no damage.
The naga sharpshooter unwields a +0 short sword.
The naga sharpshooter wields a +0 arbalest.
The naga sharpshooter mumbles some strange words.
The naga sharpshooter is stunned by your conviction and fails to attack.
You block the naga's attack. The naga barely misses you.
You are confused.
You feel invigorated.
You feel less exhausted.
The naga sharpshooter shoots a bolt.
The bolt hits you but does no damage. The naga hits you with a +0 dire flail!
* * * LOW HITPOINT WARNING * * *
You focus your inner power and slow the naga in retribution!
The naga misses you.
The naga sharpshooter shoots an arrow.
The arrow completely misses you.
The naga sharpshooter begins to cast a spell, but is stunned by your conviction!
You redirect the naga sharpshooter's attack! x2
The naga sharpshooter shoots a bolt.
The bolt hits you!
You die...

#.# #.# .?# #.#
#.#
######.######
##...........##
#......8N..N..#
......N.)..N...
..........N....
...............
...............
...............
...............
#.............#


You could see 3 naga sharpshooters and 2 nagas.

Vanquished Creatures
  Nikola (Snake:1)
  Mlioglotl (Snake:1)
  2 tentacled starspawn (Abyss:3)
  Kirke (D:14)
  An azure jelly (shapeshifter) (D:14)
  A reaper (Abyss:3)
  An ettin (Orc:1)
  Josephine (D:12)
  14 hydras
  A rakshasa (D:12)
  A boulder beetle (D:12)
  5 ogre magi (Orc:2)
  2 naga warriors
  4 catoblepae
  4 centaur warriors
  5 anacondas
  11 death yaks (Lair:6)
  23 two-headed ogres
  2 death knights (D:12)
  A tengu warrior (D:15)
  2 shock serpents (Snake:1)
  A fire crab (Lair:5)
  Nergalle (D:12)
  4 skeletal warriors (D:12)
  2 sea snakes (Snake:1)
  A necromancer (D:15)
  2 orc knights
  4 deep elf pyromancers
  9 wizards
  4 deep elf zephyrmancers (D:13)
  4 orc sorcerers
  3 large abominations (Abyss:3)
  A mana viper (Snake:1)
  10 ugly things
  4 cyclopes
  7 manticores
  4 salamanders
  A salamander (shapeshifter) (D:12)
  6 naga magi
  11 elephants (Lair:6)
  10 black mambas
  13 cane toads
  A merfolk siren (Lair:2)
  2 gargoyles (D:12)
  An unseen horror (D:12)
  A torpor snail (Lair:2)
  A rime drake (Lair:4)
  8 komodo dragons
  3 tengu conjurers (D:13)
  A freezing wraith (D:12)
  2 efreet
  A meliai (shapeshifter) (D:14)
  3 meliai (D:15)
  9 trolls
  10 blink frogs
  6 slime creatures
  3 flying skulls (Abyss:3)
  11 dream sheep (Lair:6)
  2 shadows (D:12)
  A culicivora (shapeshifter) (D:13)
  67 yaks
  4 water elementals (D:15)
  5 wraiths
  A centaur simulacrum (D:14)
  A vampire (D:12)
  A wyvern (Lair:6)
  Eustachio (D:5)
  3 hogs (D:14)
  7 basilisks
  A steam dragon (Lair:3)
  9 vampire mosquitoes
  11 nagas
  An acid dragon (D:11)
  15 water moccasins
  2 sky beasts (D:6)
  3 hornet zombies
  7 starcursed masses (Abyss:3)
  20 orc warriors
  A black bear (D:6)
  22 wolves
  29 ogres
  3 small abominations (Abyss:3)
  11 centaurs
  A phantom (D:5)
  A kobold brigand (D:11)
  6 bullfrogs
  2 scorpions
  2 water moccasin zombies
  4 gnoll sergeants
  7 killer bees
  9 wights
  4 electric eels
  4 centaur zombies
  12 orc priests
  5 jellies
  3 centaur skeletons
  2 hounds
  21 orc wizards
  Natasha (thrice) (D:3)
  2 iguanas
  A hound zombie (D:5)
  A hound skeleton (D:5)
  A howler monkey zombie (D:6)
  9 gnolls
  3 adders
  A howler monkey skeleton (D:5)
  An ufetubus (D:5)
  A worm (D:2)
  46 orcs
  5 endoplasms
  6 giant cockroaches
  4 goblins
  8 hobgoblins
  4 jackals (D:3)
  4 kobolds
  3 quokkas
  7 ball pythons
  7 bats
  A frilled lizard (D:1)
  4 rats
  A spectral goblin (D:13)
683 creatures vanquished.

Vanquished Creatures (others)
  A naga warrior (Snake:1)
  An orc knight (D:15)
  A komodo dragon (Lair:4)
  A dream sheep (Lair:6)
  2 humans (D:14)
  A naga (Snake:2)
  3 ogres (Orc:2)
  A starcursed mass (Abyss:3)
  An orc wizard (D:12)
  3 orcs
  A bush (Lair:5)
  17 fungi
  64 plants
  4 starspawn tentacles (Abyss:3)
101 creatures vanquished.

Grand Total: 784 creatures vanquished

Notes
Turn   | Place    | Note
-------+----------+-------------------------------------------
     0 | D:1      | kae the Draconian Transmuter began the quest for the Orb.
     0 | D:1      | Reached XP level 1. HP: 16/16 MP: 3/3
   249 | D:1      | Reached XP level 2. HP: 23/23 MP: 5/5
   882 | D:1      | Reached XP level 3. HP: 28/28 MP: 6/6
   886 | D:1      | Learned a level 3 spell: Spider Form
  1107 | D:1      | Found a faded altar of an unknown god.
  2027 | D:3      | Noticed Natasha
  2034 | D:3      | Killed Natasha
  2035 | D:3      | Reached XP level 4. HP: 36/36 MP: 2/7
  2160 | D:3      | HP: 1/36 [acid (3)]
  2163 | D:3      | Reached skill level 1 in Poison Magic
  2781 | D:3      | Noticed Natasha
  2793 | D:3      | Killed Natasha
  2794 | D:3      | Reached XP level 5. HP: 28/41 MP: 4/8
  3231 | D:3      | Noticed Natasha
  3253 | D:3      | Killed Natasha
  3254 | D:3      | Reached skill level 4 in Unarmed Combat
  3722 | D:3      | Learned a level 4 spell: Ice Form
  4092 | D:4      | Reached XP level 6. HP: 41/49 MP: 5/9
  4323 | D:4      | Reached skill level 1 in Ice Magic
  4658 | D:4      | Found an opulent altar of Gozag.
  4709 | D:4      | Found a staircase to the Ecumenical Temple.
  4801 | Temple   | Entered the Ecumenical Temple
  5783 | D:5      | Entered Level 5 of the Dungeon
  5952 | D:5      | Your scales start taking on a pale cyan-grey colour.
  5952 | D:5      | Reached XP level 7. HP: 28/56 MP: 7/11
  5952 | D:5      | Gained mutation: You are immune to the effects of steam.
                  | [Pale Draconian growth]
  6436 | D:5      | Noticed Eustachio
  6450 | D:5      | Reached skill level 5 in Unarmed Combat
  6596 | D:5      | Found a sacrificial altar of Ru.
  6737 | D:5      | Became a worshipper of Ru the Awakened
  6896 | D:5      | Killed Eustachio
  6897 | D:5      | Reached skill level 5 in Transmutations
  6897 | D:5      | Reached XP level 8. HP: 50/63 MP: 8/13
  7520 | D:6      | Found Jodachew's Assorted Antiques.
  7529 | D:6      | Bought a scroll labelled LYSOGG HUOMOAM for 21 gold pieces
  7529 | D:6      | Bought a scroll labelled JEMMYO XEADI for 21 gold pieces
  7769 | D:6      | Reached skill level 6 in Unarmed Combat
  8373 | D:6      | Reached XP level 9. HP: 71/71 MP: 10/14
  8685 | D:7      | Found a stormy altar of Qazlal.
  8778 | D:7      | Gained mutation: You cannot study or use magical devices.
                  | [Ru sacrifice]
  8778 | D:7      | Reached * piety under Ru
  8778 | D:7      | Reached ** piety under Ru
  8810 | D:7      | Reached skill level 5 in Ice Magic
  8834 | D:7      | Found a shadowy altar of Dithmenos.
  8838 | D:7      | Found an iron altar of Okawaru.
  8843 | D:7      | Found a glowing golden altar of the Shining One.
 10110 | D:8      | Reached skill level 7 in Unarmed Combat
 10161 | D:9      | Reached skill level 5 in Fighting
 10228 | D:9      | Found Asion's Weapon Emporium.
 10449 | D:9      | Noticed a two-headed ogre
 10458 | D:9      | Killed a two-headed ogre
 10459 | D:9      | Reached skill level 5 in Spellcasting
 10459 | D:9      | Reached XP level 10. HP: 33/83 MP: 8/17
 10832 | D:9      | Reached skill level 5 in Dodging
 10858 | D:9      | Reached skill level 8 in Unarmed Combat
 11521 | D:9      | Found a staircase to the Lair.
 11655 | D:10     | Entered Level 10 of the Dungeon
 11655 | D:10     | Noticed a two-headed ogre
 12036 | D:10     | Killed a two-headed ogre
 12333 | D:10     | Gained mutation: Your magical capacity is low. (-10% MP)
                  | [Ru sacrifice]
 12333 | D:10     | Reached *** piety under Ru
 13047 | D:10     | Noticed Urug
 13440 | Lair:1   | Entered Level 1 of the Lair of Beasts
 13440 | Lair:1   | Noticed a black mamba
 13448 | Lair:1   | Killed a black mamba
 13449 | Lair:1   | Reached skill level 9 in Unarmed Combat
 13518 | Lair:1   | Noticed a cane toad
 13536 | Lair:1   | Killed a cane toad
 13546 | Lair:1   | Noticed a cane toad
 13788 | Lair:1   | Killed a cane toad
 13789 | Lair:1   | Reached XP level 11. HP: 80/91 MP: 11/17
 14822 | Lair:1   | Identified the amulet of Sakkoqus {Reflect rC+ rN+ Int+2
                  | SH+5}
 15720 | Lair:2   | Found the +2 ratskin cloak {*Rats rPois rN+ Str-1 Int-1
                  | Dex+1}
 16041 | Lair:2   | Found a staircase to the Snake Pit.
 16068 | Lair:2   | Reached skill level 10 in Unarmed Combat
 16391 | Lair:2   | Reached skill level 10 in Transmutations
 16393 | Lair:2   | Found a staircase to the Shoals.
 16480 | Lair:2   | Noticed incide's ghost (journeyman GnIE)
 16610 | Lair:2   | Found a transporter.
 16612 | Lair:2   | Found a transporter.
 16728 | Lair:3   | Noticed a five-headed hydra
 16739 | Lair:3   | Killed a five-headed hydra
 17164 | Lair:3   | Noticed a catoblepas
 17215 | Lair:3   | Killed a catoblepas
 17543 | Lair:3   | Noticed a five-headed hydra
 17552 | Lair:3   | Killed a five-headed hydra
 17553 | Lair:3   | Reached skill level 11 in Unarmed Combat
 17858 | Lair:3   | Reached XP level 12. HP: 103/103 MP: 14/19
 18499 | Lair:4   | Learned a level 6 spell: Statue Form
 18602 | Lair:4   | Reached skill level 1 in Earth Magic
 19554 | Lair:4   | Reached skill level 12 in Unarmed Combat
 20247 | Lair:5   | Noticed a seven-headed hydra
 20262 | Lair:5   | Killed a seven-headed hydra
 20912 | Lair:5   | Noticed a seven-headed hydra
 20920 | Lair:5   | Killed a seven-headed hydra
 21020 | Lair:5   | Noticed a five-headed hydra
 21028 | Lair:5   | Killed a five-headed hydra
 21229 | Lair:5   | Reached XP level 13. HP: 58/111 MP: 19/19
 21560 | Lair:5   | Found a staircase to the Slime Pits.
 21679 | Lair:5   | Reached skill level 5 in Earth Magic
 21887 | Lair:6   | Entered Level 6 of the Lair of Beasts
 22658 | Lair:6   | Reached skill level 10 in Fighting
 22661 | Lair:6   | Reached skill level 13 in Unarmed Combat
 23297 | Lair:5   | Gained mutation: Your body sometimes deteriorates upon
                  | taking damage. [mutagenic glow]
 23306 | Lair:5   | Gained mutation: You sometimes lose the ability to read
                  | scrolls when taking damage. [mutagenic glow]
 23564 | Lair:5   | Lost mutation: Your body sometimes deteriorates upon taking
                  | damage. [potion of mutation]
 23564 | Lair:5   | Lost mutation: You sometimes lose the ability to read
                  | scrolls when taking damage. [potion of mutation]
 23564 | Lair:5   | Gained mutation: You are weak. (Str -2) [potion of
                  | mutation]
 23564 | Lair:5   | Gained mutation: You are very weak. (Str -4) [potion of
                  | mutation]
 23564 | Lair:5   | Gained mutation: You are somewhat resistant to further
                  | mutation. [potion of mutation]
 23565 | Lair:5   | Lost mutation: You are very weak. (Str -4) [potion of
                  | mutation]
 23565 | Lair:5   | Lost mutation: You are weak. (Str -2) [potion of mutation]
 23565 | Lair:5   | Lost mutation: You are somewhat resistant to further
                  | mutation. [potion of mutation]
 23565 | Lair:5   | Gained mutation: Your spells are a little easier to cast,
                  | but a little less powerful. [potion of mutation]
 23565 | Lair:5   | Gained mutation: Your tail ends in a venomous barb. [potion
                  | of mutation]
 23565 | Lair:5   | Lost mutation: Your spells are a little easier to cast, but
                  | a little less powerful. [potion of mutation]
 23565 | Lair:5   | Gained mutation: Your flesh is heat resistant. (rF+)
                  | [potion of mutation]
 23838 | Lair:6   | Reached XP level 14. HP: 119/122 MP: 20/20
 24733 | D:11     | Found a staircase to the Orcish Mines.
 24748 | D:11     | Gained mutation: You cannot study or cast Fire magic. [Ru
                  | sacrifice]
 24748 | D:11     | Gained mutation: You cannot study or cast Hexes magic. [Ru
                  | sacrifice]
 24748 | D:11     | Gained mutation: You cannot study or cast Summoning magic.
                  | [Ru sacrifice]
 24748 | D:11     | Reached **** piety under Ru
 25288 | D:11     | Reached skill level 14 in Unarmed Combat
 26128 | D:12     | Noticed Josephine
 26132 | D:12     | Killed Josephine
 26211 | D:12     | Found a blossoming altar of Fedhas.
 26211 | D:12     | Noticed Nergalle
 26222 | D:12     | Killed Nergalle
 26698 | D:12     | Identified the +5 dagger "Vefelar" {elec, Dex+5}
 26699 | D:12     | Identified the ring "Burghuimu" {rF+ Will- AC+4 Dex+3
                  | Slay+2}
 26701 | D:12     | Identified the ring "Udadumon" {AC+4 Dex+3}
 28033 | D:13     | Gained mutation: You sometimes lose the ability to read
                  | scrolls when taking damage. [Ru sacrifice]
 28033 | D:13     | Reached ***** piety under Ru
 28111 | D:13     | Cast into level 3 of the Abyss (a wizard)
 28146 | Abyss:3  | Noticed a reaper
 28152 | Abyss:3  | Killed a reaper
 28153 | Abyss:3  | Noticed a tentacled starspawn
 28159 | Abyss:3  | Killed a tentacled starspawn
 28191 | Abyss:3  | Noticed a starcursed mass
 28205 | Abyss:3  | Paralysed by accursed screaming for 1 turns
 28212 | Abyss:3  | Noticed a tentacled starspawn
 28227 | Abyss:3  | HP: 4/153 [tentacled starspawn (15)]
 28228 | Abyss:3  | Killed a tentacled starspawn
 28288 | Abyss:3  | Noticed a starcursed mass
 28309 | Abyss:3  | Paralysed by accursed screaming for 1 turns
 28323 | D:13     | Escaped the Abyss
 28650 | D:13     | Reached skill level 10 in Earth Magic
 28650 | D:13     | Reached XP level 15. HP: 118/118 MP: 21/21
 28674 | D:13     | Reached skill level 15 in Unarmed Combat
 29134 | D:13     | Reached skill level 10 in Dodging
 29262 | D:13     | Found a hazy altar of Hepliaklqana.
 29405 | D:14     | Noticed Kirke
 29420 | D:14     | Killed Kirke
 29495 | D:14     | Found a shimmering altar of Xom.
 29544 | D:14     | Noticed an azure jelly
 29544 | D:14     | a spark wasp changed into an azure jelly
 29550 | D:14     | Killed an azure jelly
 29908 | D:14     | Found a gate to the Vaults.
 30105 | D:15     | Entered Level 15 of the Dungeon
 30661 | D:15     | Found a staircase to the Depths.
 30682 | D:15     | Gained mutation: You are hated by all. [Ru sacrifice]
 31239 | D:15     | Found Pigimm's Book Boutique.
 31528 | Orc:1    | Entered Level 1 of the Orcish Mines
 31581 | Orc:1    | Found Zeutiozor's Antique Armour Emporium.
 31676 | Orc:2    | Entered Level 2 of the Orcish Mines
 31847 | Orc:2    | Paralysed by an ogre mage for 2 turns
 31860 | Orc:2    | Reached skill level 16 in Unarmed Combat
 32197 | Orc:2    | Found a staircase to the Elven Halls.
 32310 | Orc:2    | Reached XP level 16. HP: 98/133 MP: 22/22
 32608 | Orc:2    | Found Xehunuw's Antique Armour Emporium.
 32608 | Orc:2    | Found Kiafinul's General Store.
 32609 | Orc:2    | Found Atsis's Antique Weapon Shop.
 32609 | Orc:2    | Found Ege Oqio's General Store.
 33883 | Snake:1  | Entered Level 1 of the Snake Pit
 34051 | Snake:1  | Noticed Nikola
 34063 | Snake:1  | Killed Nikola
 34518 | Snake:1  | Noticed Mlioglotl
 34525 | Snake:1  | Killed Mlioglotl
 35179 | Snake:2  | You fall into a shaft and drop 1 floor!
 35259 | Snake:3  | HP: 4/134 [naga sharpshooter/bolt (21)]
 35260 | Snake:2  | HP: 1/134 [poisoned by a naga (splash of poison)]
 35264 | Snake:2  | Shot with a bolt by a naga sharpshooter

Illustrated notes

Levels and vault maps discovered:
D:1:      roderic_dead_forest, layout_basic, basic_ecumenical_altar,
          kennysheep_crisscross, glass_columns_b, minmay_misc_feat_four_crosses
D:2:      layout_rooms
D:3:      layout_basic, uniq_natasha
D:4:      layout_loops_corners, grunt_gozag_breadcrumbs,
          minmay_temple_entry_grid
D:5:      layout_loops_ring, hangedman_ru_absence, uniq_eustachio
D:6:      layout_gridville, serial_shops, nicolae_lakefront_shop
D:7:      layout_loops_ring, kennysheep_mini, grunt_temple_overflow_diamond
D:8:      layout_gridville, chequers_serial_rivers_room_a,
          chequers_serial_rivers_marsh
D:9:      layout_basic, lair_entry_dummy, serial_shops,
          nicolae_shop_bloodbath_and_beyond
D:10:     layout_loops_corners, chequers_decorated_corner, due_unseen_surprise,
          uniq_urug
D:11:     layout_rooms, kennysheep_orc_monster_closet_entryway, serial_aquarium,
          aquarium_bridge_square [aquarium_subvault_window,
          aquarium_subvault_bridge, aquarium_subvault_bridge,
          aquarium_subvault_window], aquarium_window_1, aquarium_window_1,
          aquarium_window_1, aquarium_view_2c, aquarium_pool_corner
D:12:     minmay_the_grid_octo_tiled_squarecenter
          [minmay_the_grid_octo_fan_narrow, minmay_the_grid_octo_fat_diamond,
          minmay_the_grid_octo_tetromino_candy,
          minmay_the_grid_octo_vomiting_pacman,
          minmay_the_grid_square_5x5_megaprize_checkered,
          minmay_the_grid_square_5x5_checkered, minmay_the_grid_square_5x5_tie,
          minmay_the_grid_square_5x5_lines,
          minmay_the_grid_square_5x5_half_checkered], layout_irregular_city,
          minmay_misc_feat_diagonals, st_stairs_10,
          chequers_serial_rivers_micro_d, uniq_nergalle, uniq_josephine
D:13:     minmay_tri_stars, layout_loops_ring,
          nicolae_hepliaklqana_monster_ancestors
D:14:     layout_basic, david_vaults_2, xom_teletrap_fun, uniq_kirke
D:15:     grunt_enter_depths_magical_seal, layout_irregular_city, serial_shops,
          shop, minivault_11, serial_bayou_lake_a
Temple:   eino_temple_rhombus
Lair:1:   layout_long_grid, minivault_25, beast_lair_carwin_1
Lair:2:   layout_concentric_octagons, elwin_shoals_entry_rooms,
          guppyfry_snake_entry_island, gammafunk_ghost_hive
Lair:3:   layout_hall_layers
Lair:4:   layout_regular_city
Lair:5:   layout_loops_ring, nicolae_slime_entry_slimehenge,
          gauntlet_entry_generic, chequers_serial_rivers_room_a
Lair:6:   evilmike_catoblepas_cave, layout_regular_city
Snake:1:  layout_misc_corridors, basic_altar, drop_trap, grunt_megastairs_1,
          serial_bayou_shore_a, uniq_mlioglotl, uniq_nikola
Snake:2:  layout_rooms
Snake:3:  layout_onion
Orc:1:    layout_diamond_mine, serial_shops, nicolae_shop_window_shopping
Orc:2:    st_orc_ogre_mass, layout_diamond_mine, mines4_lemuel

Skill      XL: |  1  2  3  4  5  6  7  8  9 10 11 12 13 14 15 16 |
---------------+-------------------------------------------------+-----
Dodging        | 2 3 4 5 7 8 9 10 11 | 11.0
Transmutations | 3 4 5 6 7 8 10 11 12 13 | 13.2
Fighting       | 2 3 4 5 6 8 9 10 11 12 | 12.9
Poison Magic   | 1 2 |  2.0
Unarmed Combat | 4 5 6 7 9 11 12 13 14 16 | 16.6
Ice Magic      | 1 3 4 5 |  5.0
Spellcasting   | 3 5 6 |  6.1
Earth Magic    | 4 7 10 11 12 | 12.5

Action                   |  1- 3 |  4- 6 |  7- 9 | 10-12 | 13-15 | 16-18 || total
-------------------------+-------+-------+-------+-------+-------+-------++-------
Melee: Unarmed           |   131 |   102 |   254 |   497 |   963 |   194 ||  2141
       Kick              |    15 |     2 |     2 |       |       |       ||    19
       Tailslap          |     9 |       |     4 |     3 |   204 |    42 ||   262
       Headbutt          |    12 |       |     3 |       |       |       ||    15
       Punch             |     4 |     1 |     1 |     1 |    96 |    28 ||   131
 Cast: Beastly Appendage |    28 |     2 |     1 |       |       |       ||    31
       Spider Form       |     1 |    13 |     8 |       |       |       ||    22
       Ice Form          |       |     2 |    24 |    54 |     9 |       ||    89
       Statue Form       |       |       |       |     1 |    65 |    22 ||    88
Invok: Sacrifice Artific |       |       |     1 |       |       |       ||     1
       Sacrifice Essence |       |       |       |     1 |       |       ||     1
       Reject Sacrifices |       |       |       |     1 |     1 |       ||     2
       Draw Out Power    |       |       |       |     2 |     5 |     2 ||     9
       Sacrifice Words   |       |       |       |       |     1 |       ||     1
       Sacrifice Arcana  |       |       |       |       |     1 |       ||     1
       Apocalypse        |       |       |       |       |     1 |       ||     1
       Sacrifice Love    |       |       |       |       |     1 |       ||     1
       Power Leap        |       |       |       |       |       |     1 ||     1
 Abil: Breathe Steam     |       |       |     6 |     4 |     1 |       ||    11
       End Transformatio |       |       |     1 |     1 |       |       ||     2
  Use: Scroll            |     6 |     4 |     9 |     8 |     3 |     3 ||    33
       Potion            |       |       |       |       |     4 |     2 ||     6
 Stab: Sleeping          |       |     1 |       |       |       |       ||     1
       Invisible         |       |       |       |     3 |     5 |     2 ||    10
       Distracted        |       |       |       |       |     5 |     1 ||     6
       Paralysed         |       |       |       |       |     3 |       ||     3
Armor: Skin              |    64 |    15 |    59 |   100 |   450 |    95 ||   783
Dodge: Dodged            |   117 |    88 |   165 |   299 |   810 |   153 ||  1632
Block: Other             |       |     5 |    65 |    64 |   228 |    52 ||   414
       Reflection        |       |       |     3 |       |     5 |     6 ||    14

Table legend: (Time is in decaauts)
 A = Elapsed time spent in this place.
 B = Non-inter-level travel time spent in this place.
 C = Inter-level travel time spent in this place.
 D = Time resting spent in this place.
 E = Time spent auto-exploring this place.
 F = Levels seen in this place.
 G = Mean time per level.
                   A        B        C        D        E       F      G
               +--------+--------+--------+--------+--------+-----+--------+
         Total |  36724 |  35165 |   1559 |   3006 |  27239 |  29 | 1266.3 |
       Dungeon |  21213 |  20318 |    895 |   1752 |  15903 |  15 | 1414.2 |
        Temple |    202 |    183 |     19 |      0 |    170 |   1 |  202.0 |
          Lair |  10901 |  10506 |    395 |   1056 |   8068 |   6 | 1816.8 |
     Snake Pit |   1706 |   1677 |     29 |    104 |   1265 |   3 |  568.7 |
  Orcish Mines |   2436 |   2218 |    218 |      9 |   1789 |   2 | 1218.0 |
         Abyss |    263 |    263 |      0 |     84 |     43 |   2 |  131.5 |
               +--------+--------+--------+--------+--------+-----+--------+

Top non-repeatable levels by time:
  Lair:4: 2292 daAuts
     D:3: 2217 daAuts
  Lair:6: 2101 daAuts
    D:12: 2063 daAuts
  Lair:5: 2046 daAuts
     D:9: 1979 daAuts
    D:10: 1978 daAuts
   Orc:2: 1627 daAuts
 Snake:1: 1605 daAuts
  Lair:1: 1595 daAuts
     D:4: 1580 daAuts
    D:15: 1545 daAuts
  Lair:3: 1490 daAuts
    D:13: 1420 daAuts
     D:6: 1392 daAuts
